 Dungeon Crawl Stone Soup version 0.30-a0-859-gf88a04b62d (webtiles) character file.

Game seed: 3955666278621754828

269 lunkers the Slasher (level 6, -9/51 HPs)
             Began as a Meteoran Fighter on Mar 7, 2023.
             Was an Initiate of Okawaru.
             Killed by divine providence
             ... invoked by an orc priest
              (14 damage)
             ... on level 5 of the Dungeon.
             The game lasted 00:03:06 (1811 turns).

lunkers the Slasher (Meteoran Fighter)              Turns: 1811, Time: 00:03:07

Health: -9/51      AC: 10    Str: 17    XL:     6   Next: 75%
Magic:  16/16      EV:  9    Int: 10    God:    Okawaru [......]
Gold:   220        SH:  5    Dex: 16    Spells: 5/5 levels left

rFire   . . .      SeeInvis .    a - +0 long sword
rCold   . . .      Faith    .    c - +0 buckler
rNeg    . . .      Spirit   .    b - +0 scale mail
rPois   .          Reflect  .    (no helmet)
rElec   .          Rampage  .    l - +2 cloak
rCorr   .                        (no gloves)
Will    .....                    (no boots) Stlth
                                 (no amulet)
HPRegen 0.28/turn                r - ring of magical power
MPRegen 0.15/turn                (no ring)

@: glowing
A: sense surroundings 1, otherworldly, glowing, explore regen
a: Renounce Religion


You were on level 5 of the Dungeon.
You worshipped Okawaru.
Okawaru was noncommittal.
You visited 1 branch of the dungeon, and saw 5 of its levels.

You collected 220 gold pieces.

Inventory:

Hand Weapons
 a - a +0 long sword (weapon)
Missiles
 s - 2 curare-tipped darts
Armour
 b - a +0 scale mail (worn)
 c - a +0 buckler (worn)
 l - a +2 cloak (worn)
Jewellery
 o - a ring of ice
 r - a ring of magical power (left hand)
Wands
 x - a wand of iceblast (6)
Scrolls
 d - a scroll of acquirement {unknown}
 e - 3 scrolls of enchant armour
 f - 2 scrolls of amnesia {unknown}
 g - 5 scrolls of vulnerability {unknown}
 h - a scroll of summoning {unknown}
 i - 2 scrolls of identify {unknown}
 j - a scroll of blinking {unknown}
 k - 3 scrolls of teleportation {unknown}
 n - a scroll of poison {unknown}
 t - a scroll of enchant weapon {unknown}
Potions
 m - a potion of heal wounds {unknown}
 p - a potion of degeneration {unknown}
 q - a potion of berserk rage {unknown}
 u - a potion of brilliance {unknown}
 v - a potion of cancellation {unknown}
 w - 3 potions of curing {unknown}


   Skills:
 - Level 3.2 Fighting
 + Level 7.6 Long Blades
 - Level 3.6 Armour
 - Level 3.6 Shields


You had 5 spell levels left.
You didn't know any spells.
Your spell library contained the following spells:

 Spells                   Type           Power      Damage    Failure   Level
 Sting                    Tmut/Pois      0%         1d3       86%         1
 Blink                    Tloc           0%         N/A       94%         2
 Lesser Beckoning         Tloc           0%         N/A       94%         2
 Momentum Strike          Conj/Tloc      0%         3d8       94%         2
 Poisonous Vapours        Pois/Air       0%         N/A       94%         2
 Frozen Ramparts          Ice            0%         1d1       99%         3
 Ice Form                 Ice/Tmut       0%         N/A       100%        4
 Olgreb's Toxic Radiance  Pois           0%         N/A       100%        4
 Summon Ice Beast         Ice/Summ       Unusable   N/A       N/A         4

Dungeon Overview and Level Annotations

Branches:
Dungeon (5/15) Zot: 1164
 Temple: D:4-7

Altars:
Okawaru

Shops:
D:4 :


Innate Abilities, Weirdness & Mutations

You passively map a small area around you.
You are easily found by Zot.
You glow in the dark.
You regain HP and MP as you explore.


Message History

The orc priest calls down the wrath of Beogh upon you.
Beogh smites you!
* * * LOW HITPOINT WARNING * * *
You slash the orc!
You kill the orc!
Okawaru accepts your kill.
You closely miss the hound. You block the hound's attack. The hound bites you.
* * * LOW HITPOINT WARNING * * *
The orc priest hits you but does no damage.
You barely miss the hound. The hound misses you.
The orc priest calls down the wrath of Beogh upon you.
Beogh smites you!
* * * LOW HITPOINT WARNING * * *
You block the hound's attack.
You barely miss the hound. The hound bites you.
* * * LOW HITPOINT WARNING * * *
The orc priest casts a cantrip, but nothing happens.
You hit the hound.
The hound is lightly wounded.
The hound bites you but does no damage.
The orc priest hits you but does no damage.
The hound bites you.
* * * LOW HITPOINT WARNING * * *
You barely miss the hound. The hound bites you.
* * * LOW HITPOINT WARNING * * *
The orc priest barely misses you. You block the hound's attack.
You closely miss the hound.
The orc priest begins to cast a cantrip, but forgets the words!
The hound misses you.
You hit the hound.
The hound is lightly wounded.
You block the hound's attack.
The orc priest hits you from afar with a +0 trident.
* * * LOW HITPOINT WARNING * * *
The hound completely misses you.
You hit the hound but do no damage.
The hound is lightly wounded.
The orc priest invokes the aid of Beogh against you.
Beogh smites you!
You die...

, ,
#.#**#####.#.#
, , ,
#...#.#.#
#.#.#.#.# ,
#.#<..#.# * ,
,, #.#.#...#
,.,, *
#.#.#.### ,
... #.#.#.#
.....###.#.#.#
......h@...#.#
.....o##.###.#
* .>...,
#.....# , ....
*####### ,,,
... ##* , , ,
, , *


You could see a hound and an orc priest.

Vanquished Creatures
  Edmund (D:5)
  A bullfrog (D:4)
  An iguana (D:5)
  An adder (D:2)
  A worm (D:2)
  6 orcs
  6 ball pythons
  4 bats
  3 endoplasms
  4 goblins
  2 hobgoblins (D:1)
  2 kobolds
  A quokka (D:4)
  3 frilled lizards
  6 rats
42 creatures vanquished.

Notes
Turn   | Place    | Note
-------+----------+-------------------------------------------
     0 | D:1      | lunkers the Meteoran Fighter began the quest for the Orb.
     0 | D:1      | Reached XP level 1. HP: 19/19 MP: 2/2
     6 | D:1      | Noticed a wolf
     6 | D:1      | Noticed a polar bear
     6 | D:1      | Noticed a rime drake
     7 | D:1      | Noticed a water moccasin
   221 | D:1      | Reached skill level 3 in Long Blades
   221 | D:1      | Reached XP level 2. HP: 26/26 MP: 3/3
   448 | D:1      | Reached XP level 3. HP: 31/31 MP: 4/4
   476 | D:2      | Reached skill level 4 in Long Blades
   628 | D:2      | Reached XP level 4. HP: 32/38 MP: 5/5
  1184 | D:4      | Found Qiran's Self-Improvement Boutique.
  1186 | D:4      | Found an iron altar of Okawaru.
  1202 | D:4      | Noticed a bullfrog
  1212 | D:4      | Killed a bullfrog
  1213 | D:4      | Reached skill level 6 in Long Blades
  1213 | D:4      | Reached XP level 5. HP: 37/45 MP: 6/6
  1224 | D:4      | Became a worshipper of Warmaster Okawaru
  1690 | D:5      | Entered Level 5 of the Dungeon
  1690 | D:5      | Noticed Edmund
  1716 | D:5      | Killed Edmund
  1717 | D:5      | Reached skill level 7 in Long Blades
  1717 | D:5      | Reached XP level 6. HP: 27/51 MP: 7/7
  1811 | D:5      | Killed from afar by an orc priest

Illustrated notes

Levels and vault maps discovered:
D:1:      onia_arrival_zoo_common, layout_loops_corners
D:2:      layout_basic, shapermc_ecumenical_altar_petra, grunt_ministairs_14,
          hangedman_decor_clover_reticule
D:3:      layout_loops_corners, grunt_temple_overflow_lords_of_destruction,
          roderic_roman_lattice
D:4:      layout_basic, okawaru_gym_becter, nicolae_shop_self_help
D:5:      layout_basic, mainiacjoe_overflow_concentric_impassable,
          mainiacjoe_overflow_boulevard, nicolae_wu_jian_immortal_techniques,
          feat_on_display, uniq_eustachio, uniq_edmund

Skill      XL: |  1  2  3  4  5 |
---------------+----------------+-----
Long Blades    | 3 4 6 7 |  7.6
Fighting       | |  3.2
Armour         | |  3.6
Shields        | |  3.6

Action                     |  1- 3 |  4- 6 || total
---------------------------+-------+-------++-------
  Melee: Long sword        |    68 |    62 ||   130
    Use: Scroll            |       |     1 ||     1
         Potion            |       |     1 ||     1
 Armour: Scale mail        |    47 |    11 ||    58
  Dodge: Dodged            |    35 |    28 ||    63
  Block: Buckler           |    20 |    19 ||    39

Table legend: (Time is in decaauts)
 A = Elapsed time spent in this place.
 B = Non-inter-level travel time spent in this place.
 C = Inter-level travel time spent in this place.
 D = Time resting spent in this place.
 E = Time spent auto-exploring this place.
 F = Levels seen in this place.
 G = Mean time per level.
                   A        B        C        D        E       F      G
               +--------+--------+--------+--------+--------+-----+--------+
         Total |   1835 |   1783 |     52 |      0 |   1416 |   5 |  367.0 |
       Dungeon |   1835 |   1783 |     52 |      0 |   1416 |   5 |  367.0 |
               +--------+--------+--------+--------+--------+-----+--------+

Top non-repeatable levels by time:
     D:4: 507 daAuts
     D:1: 473 daAuts
     D:3: 459 daAuts
     D:2: 271 daAuts
     D:5: 123 daAuts
